cohdb
Replays
Latest Replays
All Replays
Popular Replays
Top Player Replays
Match Explorer
How It Works
Community
CoH3 Stats
Reddit
Sign in to upload your games and track your stats! →
Sign in with Steam
Match 44246110
Unlisted
Match 44246110
Overview
Messages
Build Orders
End
Engineer Squad
Construct Barracks
Riflemen Squad
Riflemen Squad
Riflemen Squad
Grenade Package
Riflemen Squad
Infantry Support Center
Advanced Logistics
M1918 Browning Automatic Rifles
Construct Weapon Support Center
Selects Advanced Infantry Battlegroup
Selects Convert to Ranger Squad
Selects Designate Assault Position
M3 Armored Personnel Carrier
Selects Infantry Assault
Infantry Assault
Improved M9 Bazooka Rockets
M1919 Machine Gun Team
Selects Ammunition Storage
Survival Training
Infantry Assault
Bazooka Squad
Bazooka Squad
Selects M2A1 105mm Howitzer Emplacement
Rei
Nicko
Symbiosis
*Mule
0
0
Comments
sign in to comment!
No comments posted yet!